 Dungeon Crawl Stone Soup version 0.31-a0-1576-ga3383bade6 (webtiles) character file.

Game seed: 12471845414514279955

18016 Newt the Impaler (level 12, -13/91 HPs)
             Began as a Merfolk Gladiator on Jan 4, 2024.
             Was an Initiate of Gozag.
             Engulfed by an ice statue's freezing vapour (16 damage)
             ... in an ice cave.
             The game lasted 00:21:45 (13211 turns).

Newt the Impaler (Merfolk Gladiator)               Turns: 13211, Time: 00:21:45

Health: -13/91     AC: 10    Str: 18    XL:     12   Next: 54%
Magic:  21/21      EV: 31    Int: 15    God:    Gozag
Gold:   498        SH:  0    Dex: 15    Spells: 20/23 levels left

rFire   . . .        r - +2 glaive (freeze)
rCold   . . .        (shield currently unavailable)
rNeg    . . .        G - +3 troll leather armour
rPois   .            c - melded +0 helmet
rElec   .            (cloak currently unavailable)
rCorr   .            (gloves currently unavailable)
SInv    .            (boots currently unavailable)
Will    +....        O - amulet "Juhiyre" {Acrobat Will+ Regen+}
Stlth   +++          P - +4 ring of protection
HPRegen 1.95/turn    H - +6 ring of intelligence
MPRegen 0.17/turn

%: acrobat
@: beast-form, acrobatic
A: beast (slay +4), (nimble swimmer 2), mertail
a: Begin Untransformation, Renounce Religion, Potion Petition, Call Merchant,
Bribe Branch


You were in an ice cave.
You worshipped Gozag.
Gozag was aware of your devotion.
You were a hulking beast.
You visited 2 branches of the dungeon, and saw 13 of its levels.
You also visited: Ice Cave.

You collected 2523 gold pieces.
You spent 1962 gold pieces at shops.
You paid 63 gold pieces to Gozag.

Inventory:

Hand Weapons
 a - a +0 trident
 r - a +2 glaive of freezing (weapon)
 s - a +2 spear of freezing
Armour
 b - a +1 leather armour
 c - a +0 helmet (melded)
 d - a +2 cloak
 G - a +3 troll leather armour (worn)
 K - +0 swamp dragon scales
 Q - a +1 tower shield of cold resistance
Jewellery
 l - an amulet of regeneration
 v - a ring of protection from fire
 B - the ring of Beischisch {rPois rN+ Str+3 SInv}
   (You took it off a gnoll on level 10 of the Dungeon)

   [ring of see invisible]

   Str+3:     It affects your strength (+3).
   rPois:     It protects you from poison rN+: It protects you from negative
   energy.
   SInv:      It lets you see invisible.
 H - a +6 ring of intelligence (right hand)
 L - an amulet of the acrobat
 O - the amulet "Juhiyre" (around neck) {Acrobat Will+ Regen+}
   (You bought it in a shop on level 5 of the Dungeon)

   [amulet of the acrobat]

   Acrobat:   It increases your evasion while moving and waiting.
   Will+:     It increases your willpower.
   Regen+:    It increases your rate of health regeneration.
 P - a +4 ring of protection (left hand)
Talismans
 k - a beast talisman (active)
Wands
 o - a wand of flame (19)
 M - a wand of charming (4)
Scrolls
 f - 2 scrolls of amnesia
 g - 2 scrolls of fog
 j - 4 scrolls of teleportation
 m - 2 scrolls of noise
 n - 2 scrolls of enchant armour
 q - 2 scrolls of immolation
 x - a scroll of brand weapon
 y - 2 scrolls of blinking
 A - a scroll of silence
 F - 2 scrolls of fear
 I - a scroll of enchant weapon
 J - 2 scrolls of vulnerability
 N - 2 scrolls of poison
Potions
 h - 4 potions of mutation
 i - a potion of ambrosia
 p - 2 potions of enlightenment
 t - 4 potions of curing
 u - 3 potions of haste {unknown}
 w - 3 potions of brilliance
 z - 3 potions of might {unknown}
 C - a potion of lignification
 D - 3 potions of cancellation
 E - 3 potions of invisibility {unknown}


   Skills:
 - Level 7.0 Fighting
 - Level 15.0 Polearms
 - Level 2.0 Throwing
 - Level 10.0 Dodging
 - Level 5.0 Stealth
 - Level 6.4 Spellcasting
 + Level 7.1 Necromancy
 - Level 5.0 Evocations
 - Level 7.0 Shapeshifting


You had 20 spell levels left.
You knew the following spells:

 Your Spells              Type           Power      Damage    Failure   Level
a - Fugue of the Fallen   Necr           26%        N/A       2%          3

Your spell library contained the following spells:

 Spells                   Type           Power      Damage    Failure   Level
 Magic Dart               Conj           16%        1d3       17%         1
 Searing Ray              Conj           8%         2d4       26%         2
 Ozocubu's Armour         Ice            4%         N/A       45%         3
 Tukima's Dance           Hex            4%         N/A       45%         3
 Dimensional Bullseye     Hex/Tloc       2%         N/A       86%         4
 Fulminant Prism          Conj/Alch      2%         3d5       86%         4
 Iskenderun's Mystic Bla  Conj/Tloc      4%         2d3       86%         4
 Manifold Assault         Tloc           4%         N/A       86%         4
 Haunt                    Necr/Summ      7%         N/A       100%        7
 Infestation              Necr           13%        N/A       100%        8
 Animate Dead             Necr           Unusable   N/A       N/A         4

Dungeon Overview and Level Annotations

Branches:
Dungeon (12/15)            Temple (1/1) D:4            Lair (0/5) D:9
    Orc (0/2) D:9           IceCv (1/1)

Altars:
Ashenzari
Cheibriados
Dithmenos
Elyvilon
Fedhas
Gozag
Hepliaklqana
Kikubaaqudgha
Makhleb
Nemelex Xobeh
Okawaru
Qazlal
Ru
Sif Muna
Trog
Uskayaw
Vehumet
Wu Jian
Xom
Yredelemnul
Zin
The Shining One

Shops:
D:1 ([*   D:4 !   D:5 =   D:6 *=(:?

Annotations:
IceCv exclusion: ice statue


Innate Abilities, Weirdness & Mutations

You are a hulking beast.
Your limbs bulge with bestial killing power. (Slay +4)
((You are very nimble when in or above water. (Stealth+, EV+, Speed+++)))
Your lower body shifts to a powerful aquatic tail in water.


Message History

Unknown command.
Aiming: Throw Flame
Press: ? - help, Shift-Dir - straight line, f/p - ice statue
Aim: an ice statue (heavily damaged, 100% to hit)
The puff of flame hits the ice statue!
The ice statue melts!
The ice statue is heavily damaged.
The ice statue gestures at you. The shard of ice hits you!!
Casting: Fugue of the Fallen (mildly dangerous; 2% risk of failure)
Press: ? - help, Q - select action, (/) - cycle Dir - look around, f - activate
Okay, then.
You slice the ice beast!!
The ice beast is severely wounded.
You slash the ice beast!
You kill the ice beast!
The ice beast disappears in a puff of smoke!
The ice statue gestures.
Aiming: Throw Flame
Press: ? - help, Shift-Dir - straight line, f/p - ice statue
Aim: an ice statue (heavily damaged, 100% to hit)
The puff of flame hits the ice statue but does no damage.
The ice statue is heavily damaged.
The ice statue glitters chillingly in the dim dungeon light.
The ice statue gestures at you. The freezing blast misses you.
Aiming: Throw Flame
Press: ? - help, Shift-Dir - straight line, f/p - ice statue
Aim: an ice statue (heavily damaged, 100% to hit)
You hear a sizzling sound! x2
You are engulfed in freezing vapours.
The ice statue gestures at you. The shard of ice hits you!!
* * * LOW HITPOINT WARNING * * *
Unknown command.
You are engulfed in freezing vapours.
* * * LOW HITPOINT WARNING * * *
You see here 7 gold pieces.
You are engulfed in freezing vapours.
You die...
Your body crumbles into a pile of gold.

#..#...#.#..###.####
#..###..§.§## ###
##..###...##
#...###§#§#
##..#####.##
##..###...#
##......## #....#..#
##.####h# ### #○°#
##.##○○# #}##..Y.○##
#..8.°○## #..#(.####
#. #


There were no monsters in sight!

Vanquished Creatures
  Fannar (D:11)
  Erolcha (D:11)
  A boulder beetle (D:11)
  A centaur warrior (D:9)
  6 two-headed ogres
  An ugly thing (D:11)
  Maurice (D:7)
  A gargoyle (D:8)
  Maggie (D:7)
  Psyche (D:10)
  4 polar bears
  A troll (D:11)
  Prince Ribbit (D:6)
  Sigmund (D:5)
  A wyvern (D:5)
  19 yaks
  Eustachio (D:6)
  A wraith (D:9)
  5 vampire mosquitoes (D:11)
  Menkaure (D:5)
  2 swamp worms (D:10)
  5 acid dragons
  2 water moccasins
  4 orc warriors
  2 ice beasts
  A sky beast (D:7)
  An ogre (D:4)
  4 wolves (IceCv)
  A phantom (D:5)
  4 centaurs
  4 bullfrogs
  2 kobold brigands (D:8)
  A gnoll sergeant (D:10)
  5 scorpions
  8 killer bees
  An electric eel (D:8)
  2 jellies (D:5)
  3 howler monkeys
  2 bombardier beetles
  6 hounds
  3 gnoll boudas
  2 iguanas
  8 orc priests
  3 sleepcaps
  20 orc wizards
  22 gnolls
  9 adders
  2 white imps
  5 ufetubi
  A ribbon worm (D:3)
  4 dart slugs
  44 orcs
  3 endoplasms
  4 giant cockroaches
  4 goblins
  6 hobgoblins
  7 jackals
  11 kobolds
  2 quokkas
  6 ball pythons
  8 bats
  5 frilled lizards
  3 rats
  A spectral kobold (D:6)
293 creatures vanquished.

Vanquished Creatures (others)
  3 yaks (D:9)
  A gnoll sergeant (D:9)
  An ufetubus (D:7)
5 creatures vanquished.

Grand Total: 298 creatures vanquished

Notes
Turn   | Place    | Note
-------+----------+-------------------------------------------
     0 | D:1      | Newt the Merfolk Gladiator began the quest for the Orb.
     0 | D:1      | Reached XP level 1. HP: 16/16 MP: 1/1
    25 | D:1      | Found Jenu Ece's Assorted Antiques.
    81 | D:1      | Found Heg Joam's Weapon Shop.
   333 | D:1      | Reached XP level 2. HP: 22/23 MP: 2/2
   447 | D:1      | Found Viedoh's Antique Armour Shoppe.
   858 | D:2      | Reached XP level 3. HP: 25/30 MP: 3/3
  1163 | D:2      | Reached XP level 4. HP: 12/37 MP: 4/4
  1749 | D:3      | Reached XP level 5. HP: 42/42 MP: 5/5
  2347 | D:3      | Found a blossoming altar of Fedhas.
  2347 | D:3      | Found a hide-covered altar of Uskayaw.
  2431 | D:1      | Bought a +0 heavy glaive for 150 gold pieces
  2503 | D:4      | Reached skill level 5 in Shapeshifting
  2510 | D:4      | Found a staircase to the Ecumenical Temple.
  2518 | Temple   | Entered the Ecumenical Temple
  2595 | D:4      | Reached XP level 6. HP: 44/48 MP: 6/6
  2989 | D:4      | Reached XP level 7. HP: 50/54 MP: 7/7
  3057 | D:4      | Found a radiant altar of Vehumet.
  3145 | D:4      | Reached skill level 5 in Polearms
  3528 | D:4      | Found Ysonnogh's Distillery.
  3591 | Temple   | Became a worshipper of Gozag Ym Sagoz the Greedy
  3640 | D:5      | Entered Level 5 of the Dungeon
  3641 | D:5      | Noticed Menkaure
  4094 | D:5      | Killed Menkaure
  4095 | D:5      | Reached skill level 6 in Polearms
  4355 | D:5      | Found an iron altar of Okawaru.
  4371 | D:5      | Identified the +8 war axe of the Teaching Gods {speed,
                  | rElec rC+}
  4437 | D:5      | Reached skill level 7 in Polearms
  4487 | D:5      | Reached skill level 8 in Polearms
  4487 | D:5      | Reached XP level 8. HP: 32/60 MP: 8/8
  4653 | D:5      | Reached skill level 5 in Dodging
  5009 | D:5      | Noticed Sigmund
  5010 | D:5      | Noticed a wyvern
  5013 | D:5      | Killed Sigmund
  5014 | D:5      | Reached skill level 1 in Stealth
  5024 | D:5      | Killed a wyvern
  5060 | D:5      | Found Raidoczi's Jewellery Emporium.
  5154 | D:5      | Reached skill level 5 in Stealth
  5504 | D:1      | Bought a scroll labelled WOUPSE VIODOTOVOK for 31 gold
                  | pieces
  5504 | D:1      | Bought a scroll labelled TEUNIM ZEYFA for 31 gold pieces
  5504 | D:1      | Bought a scroll labelled BELESEGREMESS for 31 gold pieces
  5504 | D:1      | Bought a scroll labelled BELESEGREMESS for 31 gold pieces
  5504 | D:1      | Bought a coppery potion for 27 gold pieces
  5504 | D:1      | Bought a pink potion for 27 gold pieces
  5504 | D:1      | Bought a silvery potion for 27 gold pieces
  5609 | D:4      | Bought a potion of heal wounds for 50 gold pieces
  5661 | D:6      | Reached skill level 5 in Fighting
  5682 | D:5      | Reached XP level 9. HP: 13/69 MP: 9/9
  5878 | D:6      | Noticed Prince Ribbit
  5895 | D:6      | Killed Prince Ribbit
  5979 | D:6      | Found Gykhav's Antique Weapon Shop.
  6019 | D:6      | Found Inuligotz's Book Emporium.
  6050 | D:6      | Reached skill level 9 in Polearms
  6103 | D:6      | Found Waaxkui's Magic Scroll Emporium.
  6107 | D:6      | Bought a scroll of noise for 15 gold pieces
  6107 | D:6      | Bought a scroll of immolation for 60 gold pieces
  6107 | D:6      | Bought a scroll of fear for 60 gold pieces
  6187 | D:6      | Found Tutomoim's General Store.
  6196 | D:6      | Bought a scroll of identify for 22 gold pieces
  6382 | D:6      | Found a hazy altar of Hepliaklqana.
  6402 | D:6      | Found Xerchax's Jewellery Shop.
  6418 | D:6      | Found a white marble altar of Elyvilon.
  6432 | D:6      | Found a glowing silver altar of Zin.
  6494 | D:6      | Noticed Eustachio
  6512 | D:6      | Killed Eustachio
  6513 | D:6      | Reached skill level 10 in Polearms
  6675 | D:4      | Bought a potion of curing for 30 gold pieces
  6675 | D:4      | Bought a potion of cancellation for 80 gold pieces
  6802 | D:7      | Reached skill level 11 in Polearms
  6929 | D:7      | Noticed Maurice
  6931 | D:7      | Noticed a two-headed ogre
  6949 | D:7      | Killed a two-headed ogre
  6950 | D:7      | Reached skill level 12 in Polearms
  6950 | D:7      | Reached skill level 1 in Necromancy
  6950 | D:7      | Reached XP level 10. HP: 79/79 MP: 9/13
  6954 | D:7      | Something stole a +6 ring of intelligence
  6955 | D:7      | Something stole a +2 spear of freezing
  6955 | D:7      | Something stole a beast talisman
  7282 | D:7      | Maurice stole 148 gold
  7294 | D:7      | Killed Maurice
  7525 | D:7      | Noticed Maggie
  7536 | D:7      | Killed Maggie
  8056 | D:8      | Found a shimmering blue altar of Sif Muna.
  8424 | D:1      | Bought a runed troll leather armour for 432 gold pieces
  8629 | D:8      | Noticed a gargoyle
  8636 | D:8      | Killed a gargoyle
  8965 | D:8      | Reached skill level 5 in Spellcasting
  9393 | D:9      | Noticed a two-headed ogre
  9401 | D:9      | Killed a two-headed ogre
  9402 | D:9      | Reached skill level 5 in Necromancy
  9418 | D:9      | Found a staircase to the Orcish Mines.
  9526 | D:9      | Reached XP level 11. HP: 46/84 MP: 19/19
  9865 | D:9      | Found a shimmering altar of Xom.
  9865 | D:9      | Noticed a two-headed ogre
  9890 | D:9      | Killed a two-headed ogre
  9982 | D:9      | Noticed a centaur warrior
  9991 | D:9      | Killed a centaur warrior
 10049 | D:9      | Found a staircase to the Lair.
 10249 | D:9      | Noticed a two-headed ogre
 10256 | D:9      | Killed a two-headed ogre
 10257 | D:9      | Reached skill level 13 in Polearms
 10444 | D:5      | Bought the amulet "Juhiyre" {Acrobat Will+ Regen+} for 468
                  | gold pieces
 10914 | D:10     | Entered Level 10 of the Dungeon
 11051 | D:10     | Noticed a two-headed ogre
 11068 | D:10     | Killed a two-headed ogre
 11119 | D:10     | Identified the ring of Beischisch {rPois rN+ Str+3 SInv}
 11198 | D:10     | Reached skill level 14 in Polearms
 11212 | D:10     | Found a bloodstained altar of Trog.
 11626 | D:10     | Found a sacrificial altar of Ru.
 11626 | D:10     | Found a sparkling altar of Nemelex Xobeh.
 11713 | D:10     | Noticed a two-headed ogre
 11722 | D:10     | Killed a two-headed ogre
 11723 | D:10     | Reached skill level 15 in Polearms
 11915 | D:10     | Noticed Psyche
 11926 | D:10     | Killed Psyche
 11953 | D:11     | Noticed Fannar
 11961 | D:11     | Killed Fannar
 12014 | D:11     | Reached XP level 12. HP: 91/91 MP: 21/21
 12169 | D:6      | Bought a book of Battle for 390 gold pieces
 12173 | D:6      | Learned a level 3 spell: Fugue of the Fallen
 12279 | D:11     | Reached skill level 5 in Evocations
 12360 | D:11     | Found a white marble altar of Elyvilon.
 12400 | D:11     | Noticed Erolcha
 12405 | D:11     | Killed Erolcha
 12512 | D:11     | Noticed a boulder beetle
 12521 | D:11     | Killed a boulder beetle
 12753 | D:11     | Reached skill level 10 in Dodging
 12907 | D:12     | Found a frozen archway.
 12936 | IceCv    | Entered an ice cave
 13210 | IceCv    | HP: 1/91 [ice statue] (14)]
 13211 | IceCv    | Engulfed by an ice statue's freezing vapour

Illustrated notes

Levels and vault maps discovered:
D:1:      lemuel_arrival_river_ford, layout_loops_ring, serial_shops,
          nicolae_shop_trees, nicolae_shop_bloodbath_and_beyond, shop
D:2:      cheibrodos_pilgrimage, layout_basic
D:3:      layout_basic, gammafunk_temple_overflow_elements, minmay_box_of_dots
D:4:      layout_basic, marbit_many_paths, minmay_temple_entry_junction_2,
          serial_shops, shop
D:5:      layout_basic, okawaru_metal_pillars_1_2, serial_shops, shop,
          uniq_sigmund, uniq_menkaure
D:6:      layout_rooms, mainiacjoe_overflow_large_starburst,
          nicolae_hepliaklqana_monster_ancestors, serial_glass, glass_columns_c,
          glass_columns_b, glass_columns_a, glass_columns_a, glass_columns_b,
          glass_columns_a, serial_shops, nicolae_shop_hallway_plus, shop,
          nicolae_shop_temple_entry_statues_fountains, shop_statue,
          nicolae_shop_back_alley_shop, minmay_curled_crystal,
          nicolae_fountain_basement, uniq_eustachio, uniq_prince_ribbit1
D:7:      layout_basic, chequers_serial_rivers_micro_e, uniq_maggie,
          uniq_maurice
D:8:      layout_loops_corners, mainiacjoe_overflow_catwalk, amethyst_killhole,
          minmay_misc_feat_chi, fountainhead, minmay_misc_feat_plants,
          grunt_decor_junction
D:9:      layout_stronghold, xom_confusion_cloud, lair_entry_dummy, orc_0_dummy
D:10:     layout_roguey, trog_ov_bears_minmay, amethyst_overflow_temple_binary,
          worms_lemuel, uniq_psyche
D:11:     layout_basic, nicolae_elyvilon_peaceful_grove, uniq_fannar,
          uniq_erolcha
D:12:     layout_rooms, portal_ice_cave_entry_pillars_1
Temple:   nicolae_temple_two_arcs
IceCv:    ice_cave_caverns_02

Skill      XL: |  1  2  3  4  5  6  7  8  9 10 11 12 |
---------------+-------------------------------------+-----
Fighting       | 3 4 5 7 |  7.0
Shapeshifting  | 2 3 5 7 |  7.0
Polearms       | 8 12 15 | 15.0
Dodging        | 7 10 | 10.0
Stealth        | 5 |  5.0
Spellcasting   | 2 5 6 |  6.4
Necromancy     | 1 5 7 |  7.1
Evocations     | 4 5 |  5.0
Throwing       | |  2.0

Action                     |  1- 3 |  4- 6 |  7- 9 | 10-12 || total
---------------------------+-------+-------+-------+-------++-------
  Melee: Trident           |   111 |    97 |       |       ||   208
         Punch             |     1 |     2 |       |       ||     3
         Glaive            |       |    17 |   188 |   504 ||   709
         Spear             |       |     6 |    29 |       ||    35
         Tailslap          |       |       |     1 |     1 ||     2
  Throw: Throwing net      |       |       |     4 |     1 ||     5
         Javelin           |       |       |       |     1 ||     1
   Cast: Fugue of the Fall |       |       |       |     3 ||     3
  Evoke: Wand              |       |       |       |     9 ||     9
    Use: Scroll            |       |     2 |    10 |     8 ||    20
         Potion            |       |       |     1 |     1 ||     2
   Stab: Sleeping          |     2 |     1 |     9 |    10 ||    22
         Held in net/web   |       |       |     4 |       ||     4
         Distracted        |       |       |     2 |     3 ||     5
 Armour: Leather armour    |    36 |    63 |   132 |    72 ||   303
         Troll leather arm |       |       |       |   225 ||   225
  Dodge: Dodged            |    67 |    74 |   140 |   315 ||   596
   Form: Beast             |     1 |       |       |       ||     1

Table legend: (Time is in decaauts)
 A = Elapsed time spent in this place.
 B = Non-inter-level travel time spent in this place.
 C = Inter-level travel time spent in this place.
 D = Time resting spent in this place.
 E = Time spent auto-exploring this place.
 F = Levels seen in this place.
 G = Mean time per level.
                   A        B        C        D        E       F      G
               +--------+--------+--------+--------+--------+-----+--------+
         Total |  13309 |  11450 |   1859 |   2130 |   7142 |  14 |  950.6 |
       Dungeon |  13001 |  11169 |   1832 |   2000 |   7085 |  12 | 1083.4 |
        Temple |     35 |      9 |     26 |      0 |      0 |   1 |   35.0 |
      Ice Cave |    272 |    272 |      0 |    130 |     57 |   1 |  272.0 |
               +--------+--------+--------+--------+--------+-----+--------+

Top non-repeatable levels by time:
     D:5: 1761 daAuts
     D:4: 1754 daAuts
     D:9: 1426 daAuts
     D:6: 1163 daAuts
     D:8: 1135 daAuts
     D:7: 1100 daAuts
     D:1: 1071 daAuts
    D:10: 1045 daAuts
     D:2: 923 daAuts
     D:3: 840 daAuts
    D:11: 748 daAuts
   IceCv: 272 daAuts
  Temple: 35 daAuts
    D:12: 30 daAuts
